cohdb
Replays
Latest Replays
All Replays
Popular Replays
Top Player Replays
Match Explorer
How It Works
Community
CoH3 Stats
Reddit
Sign in to upload your games and track your stats! →
Sign in with Steam
Match 45822187
Unlisted
Match 45822187
Overview
Messages
Build Orders
End
Construct Section Command Post
Infantry Section
Infantry Section
Dingo Light Scout Car
Infantry Section
Infantry Section
Construct Field Infirmary
Construct Platoon Command Post
Humber Armored Car
Light Vehicle Training
6-pounder Anti-tank Gun Team
Grenade Package
Selects Air and Sea Battlegroup
Selects Commando Section Paradrop
Selects Supply Surplus
Selects Commando Support Section Paradrop
Commando Section Paradrop
Infantry Training
6-pounder Anti-tank Gun Team
Selects UNKNOWN (223837)
Vickers Machine Gun Team
Construct Company Command Post
Unlock M3 Grant Medium Tanks
M3 Grant Medium Tank
Armored Vehicle Training
SenkZ
desertBeliever
0
0
Comments
sign in to comment!
No comments posted yet!